 Dungeon Crawl Stone Soup version 0.28-a0-1114-g8eb0198dcf (webtiles) character file.

Game seed: 1024663120505547943

1060 Gargoyl the Skirmisher (level 8, -1/67 HPs)
             Began as a Gnoll Abyssal Knight on Dec 11, 2021.
             Was a Priest of Lugonu.
             Slain by a gnoll sergeant (4 damage)
             ... on level 6 of the Dungeon.
             The game lasted 00:04:48 (4029 turns).

Gargoyl the Skirmisher (Gnoll Abyssal Knight)       Turns: 4029, Time: 00:04:49

Health: -1/67      AC:  9    Str: 14    XL:     8   Next: 27%
Magic:  12/12      EV: 13    Int: 10    God:    Lugonu [***...]
Gold:   216        SH:  0    Dex: 13    Spells: 13/13 levels left

rFire   . . .      SeeInvis .   d - +1 battleaxe (venom)
rCold   . . .      Faith    .   (shield currently unavailable)
rNeg    . . .      Spirit   .   m - +0 troll leather armour {Pargi}
rPois   +          Reflect  .   k - +0 helmet
rElec   .          Harm     .   r - +2 cloak {rPois}
rCorr   .          Rampage  .   (no gloves)
Will    .....                   (no boots)
Stlth   ++........              (no amulet)
HPRegen 1.01/turn               f - ring of flight
MPRegen 0.13/turn               (no ring)

@: flying
A: fangs 1, strong nose, distributed training
a: Renounce Religion, Depart the Abyss, Bend Space, Banish


You were on level 6 of the Dungeon.
You worshipped Lugonu.
Lugonu was most pleased with you.
You visited 1 branch of the dungeon, and saw 6 of its levels.
You visited the Abyss 1 time.

You collected 216 gold pieces.

Inventory:

Hand Weapons
 a - a +1 hand axe of electrocution
 d - a +1 battleaxe of venom (weapon)
Missiles
 s - 7 curare-tipped darts (quivered)
 t - 29 poisoned darts
Armour
 k - a +0 helmet (worn)
 m - a +0 troll leather armour (worn) {Pargi}
 r - a +2 cloak of poison resistance (worn)
Jewellery
 f - a ring of flight (left hand)
 g - a ring of magical power
Wands
 b - a wand of flame (18)
 h - a wand of iceblast (4)
 j - a wand of polymorph (15)
Scrolls
 c - 4 scrolls of teleportation
 i - a scroll of blinking {unknown}
 u - 2 scrolls of magic mapping
Potions
 e - 2 potions of haste
 l - a potion of brilliance
 n - a potion of lignification {unknown}
 o - a potion of magic
 p - 2 potions of heal wounds
 q - a potion of cancellation
 v - a potion of mutation {unknown}
 x - a potion of degeneration {unknown}


   Skills:
 + Level 7.3 Fighting
 + Level 3.1 Short Blades
 + Level 3.1 Long Blades
 + Level 5.6 Axes
 + Level 3.1 Maces & Flails
 + Level 3.1 Polearms
 + Level 3.1 Staves
 + Level 3.1 Slings
 + Level 3.1 Bows
 + Level 3.1 Crossbows
 + Level 3.1 Throwing
 + Level 5.6 Armour
 + Level 4.1 Dodging
 + Level 3.1 Stealth
 + Level 3.1 Shields
 + Level 3.1 Unarmed Combat
 + Level 3.1 Spellcasting
 + Level 2.5 Conjurations
 + Level 2.5 Hexes
 + Level 2.5 Summonings
 + Level 2.5 Necromancy
 + Level 2.5 Translocations
 + Level 2.5 Transmutations
 + Level 2.5 Fire Magic
 + Level 2.5 Ice Magic
 + Level 2.5 Air Magic
 + Level 2.5 Earth Magic
 + Level 2.5 Poison Magic
 + Level 5.8 Invocations
 + Level 3.1 Evocations


You had 13 spell levels left.
You didn't know any spells.
Your spell library contained the following spells:

 Spells                   Type           Power      Damage    Failure   Level
 Slow                     Hex            24%        N/A       12%         1
 Confusing Touch          Hex            6%         N/A       36%         3
 Ignite Poison            Fire/Tmut/Pois 6%         N/A       36%         3
 Mephitic Cloud           Conj/Pois/Air  6%         N/A       36%         3
 Vampiric Draining        Necr           6%         2d6       36%         3
 Freezing Cloud           Conj/Ice/Air   3%         6-21      98%         5


Dungeon Overview and Level Annotations

Branches:
Dungeon (6/15)             Temple (0/1) D:5

Altars:
Sif Muna
Vehumet


Innate Abilities, Weirdness & Mutations

You have very sharp teeth.
Your uncanny sense of smell can sniff out nearby items.
Your experience applies equally to all skills.


Message History

The gnoll sergeant burns you.
The bullfrog skeleton closely misses you.
The gnoll closely misses you.
The gnoll sergeant completely misses you.
The bullfrog skeleton closely misses you.
The gnoll misses you.
The gnoll sergeant hits you with a +0 trident of flaming!
The gnoll sergeant burns you. The bullfrog skeleton misses you.
Unknown command.
You slash the gnoll sergeant!
The gnoll sergeant is poisoned.
The gnoll sergeant is moderately wounded.
You hit the gnoll but do no damage. You barely miss the bullfrog skeleton.
The bullfrog skeleton closely misses you.
The gnoll hits you but does no damage.
The gnoll sergeant hits you with a +0 trident of flaming!
* * * LOW HITPOINT WARNING * * *
The gnoll sergeant burns you.
* * * LOW HITPOINT WARNING * * *
The gnoll sergeant blocks your attack. x2
The gnoll sergeant is moderately wounded.
You slash the gnoll!
You kill the gnoll!
Lugonu accepts your kill.
You hit the bullfrog skeleton.
The bullfrog skeleton hits you but does no damage.
The gnoll sergeant hits you with a +0 trident of flaming.
* * * LOW HITPOINT WARNING * * *
The gnoll sergeant burns you.
* * * LOW HITPOINT WARNING * * *
The bullfrog skeleton hits you but does no damage.
The gnoll sergeant misses you. The gnoll sergeant blocks your attack.
The gnoll sergeant is heavily wounded.
You hit the bullfrog skeleton but do no damage.
The bullfrog skeleton barely misses you.
The bullfrog skeleton hits you but does no damage.
The gnoll sergeant hits you with a +0 trident of flaming!
* * * LOW HITPOINT WARNING * * *
The gnoll sergeant burns you.
You die...

.##.#### .......# ....
.......# ...# ..)....#
...# .#.#...# ...#
..<....###### ...#
.#.#........######...####
..........#.#...Z).......
.......#....)..g@.)......
..##.#.#..#.#............
.........##.######...####
.>...#.#.##.# ...#
..####......# ...# #.#
###.#### ...# #.# .# ...#
... # ..## ..##


You could see a gnoll sergeant (very poisoned) and a bullfrog skeleton.

Vanquished Creatures
  Pargi (D:3)
  A black bear (D:5)
  A centaur (D:5)
  2 ogres (D:4)
  A scorpion (D:4)
  A water moccasin skeleton (D:5)
  A howler monkey (D:4)
  An orc priest (D:3)
  Crazy Yiuf (D:3)
  2 bullfrog skeletons (D:5)
  2 centaur skeletons (D:5)
  An iguana (D:5)
  Natasha (twice) (D:3)
  2 orc wizards
  A hound skeleton (D:4)
  Robin (D:3)
  3 gnolls (D:6)
  4 adders
  A white imp (D:6)
  A worm (D:3)
  A dart slug (D:4)
  8 orcs
  4 bats
  6 endoplasms
  A giant cockroach (D:1)
  14 goblins
  9 hobgoblins
  2 quokkas (D:2)
  6 ball pythons
  7 frilled lizards
  6 kobolds
  8 rats
102 creatures vanquished.

Notes
Turn   | Place    | Note
-------+----------+-------------------------------------------
     0 | Abyss:1  | Gargoyl the Gnoll Abyssal Knight began the quest for the
                  | Orb.
     0 | Abyss:1  | Reached XP level 1. HP: 23/23 MP: 3/3
    52 | Abyss:1  | Noticed a small abomination
    99 | Abyss:2  | Noticed a hellwing
   100 | D:1      | Escaped the Abyss
   328 | D:1      | Reached * piety under Lugonu
   330 | D:1      | Reached XP level 2. HP: 29/29 MP: 5/5
  1034 | D:2      | Reached XP level 3. HP: 35/35 MP: 6/6
  1485 | D:2      | Found a faded altar of an unknown god.
  1691 | D:3      | Noticed Robin
  1721 | D:2      | Reached ** piety under Lugonu
  1749 | D:3      | Killed Robin
  1750 | D:3      | Reached skill level 1 in Short Blades
  1750 | D:3      | Reached skill level 1 in Long Blades
  1750 | D:3      | Reached skill level 1 in Maces & Flails
  1750 | D:3      | Reached skill level 1 in Polearms
  1750 | D:3      | Reached skill level 1 in Staves
  1750 | D:3      | Reached skill level 1 in Slings
  1750 | D:3      | Reached skill level 1 in Bows
  1750 | D:3      | Reached skill level 1 in Crossbows
  1750 | D:3      | Reached skill level 1 in Throwing
  1750 | D:3      | Reached skill level 1 in Stealth
  1750 | D:3      | Reached skill level 1 in Shields
  1750 | D:3      | Reached skill level 1 in Unarmed Combat
  1750 | D:3      | Reached skill level 1 in Spellcasting
  1750 | D:3      | Reached skill level 1 in Evocations
  1826 | D:3      | Noticed Pargi
  1833 | D:3      | Reached XP level 4. HP: 39/41 MP: 7/7
  1836 | D:3      | Killed Pargi
  1837 | D:3      | Reached skill level 1 in Conjurations
  1837 | D:3      | Reached skill level 1 in Hexes
  1837 | D:3      | Reached skill level 1 in Summonings
  1837 | D:3      | Reached skill level 1 in Necromancy
  1837 | D:3      | Reached skill level 1 in Translocations
  1837 | D:3      | Reached skill level 1 in Transmutations
  1837 | D:3      | Reached skill level 1 in Fire Magic
  1837 | D:3      | Reached skill level 1 in Ice Magic
  1837 | D:3      | Reached skill level 1 in Air Magic
  1837 | D:3      | Reached skill level 1 in Earth Magic
  1837 | D:3      | Reached skill level 1 in Poison Magic
  1837 | D:3      | Reached XP level 5. HP: 35/47 MP: 8/8
  2127 | D:3      | Found a runed translucent door.
  2128 | D:3      | Noticed Crazy Yiuf
  2287 | D:3      | Noticed Natasha
  2304 | D:3      | Reached skill level 5 in Invocations
  2304 | D:3      | Reached XP level 6. HP: 25/53 MP: 9/9
  2307 | D:3      | Killed Natasha
  2453 | D:3      | Noticed Natasha
  2460 | D:3      | Killed Natasha
  2461 | D:3      | Reached skill level 5 in Axes
  2461 | D:3      | Reached skill level 5 in Armour
  2625 | D:3      | Killed Crazy Yiuf
  2704 | D:4      | Found a shimmering blue altar of Sif Muna.
  2849 | D:4      | Found a radiant altar of Vehumet.
  2900 | D:4      | Reached skill level 7 in Fighting
  2900 | D:4      | Reached XP level 7. HP: 48/60 MP: 10/10
  2957 | D:4      | Reached *** piety under Lugonu
  3387 | D:5      | Entered Level 5 of the Dungeon
  3572 | D:5      | Found a staircase to the Ecumenical Temple.
  3584 | D:5      | Reached XP level 8. HP: 30/67 MP: 12/12
  4029 | D:6      | HP: 3/67 [gnoll sergeant (11)]
  4029 | D:6      | Slain by a gnoll sergeant

Illustrated notes

Levels and vault maps discovered:
D:1:      onia_arrival_pentagram, layout_basic
D:2:      layout_loops_ring, ebering_ecumenical_altar_sacrificial
D:3:      layout_basic, uniq_robin, uniq_crazy_yiuf_cottage, uniq_pargi,
          uniq_natasha
D:4:      layout_basic, lemuel_round_altar, mainiacjoe_overflow_tiny_flanked
D:5:      layout_rooms, minmay_temple_entry_sparse_star, minmay_liquid_box
D:6:      layout_loops_cross, mainiacjoe_overflow_alcove_1, st_stairs_14

Skill      XL: |  1  2  3  4  5  6  7  8 |
---------------+-------------------------+-----
Short Blades   | 1 2 3 |  3.1
Long Blades    | 1 2 3 |  3.1
Maces & Flails | 1 2 3 |  3.1
Polearms       | 1 2 3 |  3.1
Staves         | 1 2 3 |  3.1
Slings         | 1 2 3 |  3.1
Bows           | 1 2 3 |  3.1
Crossbows      | 1 2 3 |  3.1
Throwing       | 1 2 3 |  3.1
Stealth        | 1 2 3 |  3.1
Shields        | 1 2 3 |  3.1
Unarmed Combat | 1 2 3 |  3.1
Spellcasting   | 1 2 3 |  3.1
Evocations     | 1 2 3 |  3.1
Dodging        | 3 4 |  4.1
Conjurations   | 1 2 |  2.5
Hexes          | 1 2 |  2.5
Summonings     | 1 2 |  2.5
Necromancy     | 1 2 |  2.5
Translocations | 1 2 |  2.5
Transmutations | 1 2 |  2.5
Fire Magic     | 1 2 |  2.5
Ice Magic      | 1 2 |  2.5
Air Magic      | 1 2 |  2.5
Earth Magic    | 1 2 |  2.5
Poison Magic   | 1 2 |  2.5
Invocations    | 5 |  5.8
Axes           | 5 |  5.6
Armour         | 5 |  5.6
Fighting       | 7 |  7.3

Action                   |  1- 3 |  4- 6 |  7- 9 || total
-------------------------+-------+-------+-------++-------
Melee: Battleaxe         |    77 |   103 |    87 ||   267
       Bite              |     4 |     6 |    15 ||    25
       Unarmed           |     3 |       |       ||     3
Invok: Depart the Abyss  |     1 |       |       ||     1
  Use: Scroll            |     5 |       |    11 ||    16
       Potion            |       |     3 |       ||     3
 Stab: Sleeping          |       |     1 |     1 ||     2
Armor: Ring mail         |    51 |    17 |       ||    68
       Troll leather arm |       |    39 |    56 ||    95
Dodge: Dodged            |    72 |    93 |    81 ||   246

Table legend: (Time is in decaauts)
 A = Elapsed time spent in this place.
 B = Non-inter-level travel time spent in this place.
 C = Inter-level travel time spent in this place.
 D = Time resting spent in this place.
 E = Time spent auto-exploring this place.
 F = Levels seen in this place.
 G = Mean time per level.
                   A        B        C        D        E       F      G
               +--------+--------+--------+--------+--------+-----+--------+
         Total |   4130 |   4035 |     95 |     41 |   3006 |   8 |  516.2 |
       Dungeon |   4030 |   3935 |     95 |     41 |   2926 |   6 |  671.7 |
         Abyss |     99 |     99 |      0 |      0 |     80 |   2 |   49.5 |
               +--------+--------+--------+--------+--------+-----+--------+

Top non-repeatable levels by time:
     D:3: 974 daAuts
     D:1: 939 daAuts
     D:4: 731 daAuts
     D:2: 723 daAuts
     D:5: 539 daAuts
     D:6: 121 daAuts
 Abyss:1: 54 daAuts
 Abyss:2: 45 daAuts
